 Dungeon Crawl Stone Soup version 0.19.0-9-gfd783f2 (webtiles) character file.

236215 dobroeutro the Tortoise (level 19, -4/138 HPs)
             Began as a Gargoyle Fighter on Nov 7, 2016.
             Was the Champion of Okawaru.
             Slain by a vault warden
             ... wielding a +0 great sword
              (20 damage)
             ... on level 1 of the Vaults.
             The game lasted 01:22:42 (34423 turns).

dobroeutro the Tortoise (Gargoyle Fighter)         Turns: 34423, Time: 01:22:43

Health: -4/138     AC: 27    Str: 25      XL:     19   Next: 20%
Magic:  26/26      EV: 15    Int: 13 (14) God:    Okawaru [******]
Gold:   1305       SH: 21    Dex: 17 (18) Spells: 0 memorised, 18 levels left

rFire  . . .     SeeInvis +     V - +3 eveningstar of Division {holy, rC- rN+ Int+4}
rCold  . . .     Gourm    .     H - +0 plate armour of Joxuow {rElec MR++ Dex+2}
rNeg   + + .     Faith    .     X - +2 shield {AC+3}
rPois  ∞         Spirit   .     h - +2 helmet {SInv}
rElec  +         Reflect  +     (no cloak)
rCorr  .         Harm     .     B - +2 pair of gloves {Dex+3}
MR     ++++.                    (no boots)
Stlth  ..........               n - +6 amulet of reflection
                                O - ring "Qurgh" {+Fly rElec MR+ Dex+2}
                                z - ring of protection from cold

@: corroded, flying
A: big wings, thin metallic scales 1, deterioration 1, mutation resistance 1,
negative energy resistance 1, robust 1, electricity resistance, wild magic 2,
unbreathing, petrification resistance, no device heal 1, rot immunity, AC +13
a: Stop Flying, Heroism, Finesse, Renounce Religion
}: 2/15 runes: decaying, gossamer


You were on level 1 of the Vaults.
You worshipped Okawaru.
Okawaru was exalted by your worship.
You were not hungry.

You visited 7 branches of the dungeon, and saw 33 of its levels.
You visited 1 bazaar.
You also visited: Ice Cave.

You collected 3079 gold pieces.
You spent 1774 gold pieces at shops.

Inventory:

Hand Weapons
 K - a +3 morningstar
 V - the +3 eveningstar of Division (weapon) {holy, rC- rN+ Int+4}
   (Okawaru gifted it to you on level 5 of the Lair of Beasts)

   It has been blessed by the Shining One to cause great damage to the undead
   and demons.
   It affects your intelligence (+4).
   It makes you vulnerable to cold.
   It protects you from negative energy.
Armour
 a - a +0 cloak
 b - the +4 chain mail "Xolelat" {rN+ Dex+3}
   (Okawaru gifted it to you on level 1 of the Spider Nest)

   It affects your dexterity (+3).
   It protects you from negative energy.
 e - +0 fire dragon scales
 h - a +2 helmet of see invisible (worn)
 q - the +0 ice dragon scales of Opud {rElec rPois rF- rC++ Stlth+}
   (You found it in an ice cave)

   It makes you vulnerable to fire.
   It greatly protects you from cold.
   It insulates you from electricity.
   It protects you from poison.
   It makes you more stealthy.
 w - the +1 scale mail of Reobbat {-Tele rC+ Str+3, unknown}
   (You found it on level 2 of the Spider Nest)

   It affects your strength (+3).
   It protects you from cold.
   It prevents most forms of teleportation.
 B - a +2 pair of gloves of dexterity (worn)
 H - the +0 plate armour of Joxuow (worn) {rElec MR++ Dex+2}
   (You bought it in a shop on level 2 of the Orcish Mines)

   It affects your dexterity (+2).
   It insulates you from electricity.
   It affects your resistance to hostile enchantments.
 X - a +2 shield of protection (worn)
Jewellery
 n - a +6 amulet of reflection (around neck)
 z - a ring of protection from cold (left hand)
 G - a +4 ring of slaying
 O - the ring "Qurgh" (right hand) {+Fly rElec MR+ Dex+2}
   (You bought it in a shop on level 2 of the Orcish Mines)

   [ring of dexterity]

   It affects your dexterity (+2).
   It insulates you from electricity.
   It affects your resistance to hostile enchantments.
   It lets you fly.
 U - an uncursed ring of protection from magic
Wands
 o - a wand of digging (16/24)
 r - a wand of lightning (2/15)
 E - a wand of heal wounds (0/9)
 F - a wand of disintegration (19/24)
 I - a wand of paralysis (14/24)
 J - a wand of acid (3/15)
 R - a wand of teleportation (4/9)
Scrolls
 i - 5 scrolls of enchant armour
 j - 10 scrolls of teleportation
 k - 11 scrolls of remove curse
 m - 8 scrolls of identify
 p - a scroll of blinking
 y - a scroll of recharging
 L - 7 scrolls of fear
 M - 7 scrolls of fog
 N - 3 scrolls of magic mapping
 P - 6 scrolls of enchant weapon
 Y - a scroll of summoning
Potions
 c - 6 potions of resistance
 d - 4 potions of might
 l - 16 potions of curing
 s - 2 potions of heal wounds
 u - 5 potions of ambrosia
 A - 2 potions of invisibility
 C - 2 potions of beneficial mutation {unknown}
 D - 4 potions of haste
 T - 2 potions of agility
Miscellaneous
 Q - a phial of floods (inert)
 W - a lamp of fire
Comestibles
 f - 14 bread rations
 g - a royal jelly
 t - 61 fruits
 v - 16 meat rations


   Skills:
 + Level 16.3 Fighting
 + Level 16.0 Maces & Flails
 + Level 16.4 Armour
 + Level 12.9 Dodging
 + Level 11.7 Shields
 - Level 4.4 Invocations
 - Level 9.3 Evocations


You had 18 spell levels left.
You didn't know any spells.

Dungeon Overview and Level Annotations

Branches:
Dungeon (15/15)            Temple (1/1) D:7            Lair (6/6) D:8
  Swamp (4/4) Lair:2       Spider (4/4) Lair:3        Slime (0/5) Lair:6
    Orc (2/2) D:9             Elf (0/3) Orc:2        Vaults (1/5) D:13
 Depths (0/5) D:15

Altars:
Ashenzari
Cheibriados
Fedhas
Gozag
Hepliaklqana
Makhleb
Okawaru
Ru
Sif Muna
Trog
Zin
The Shining One
Beogh
Jiyva

Shops:
D:4 (:=!=   D:7 }   D:12 *   D:14 =   Orc:2 (*[(   Vaults:1 (


Innate Abilities, Weirdness & Mutations

You are resistant to torment.
Your stone body is resilient. (AC +13)
You are immune to poison.
Your large and strong wings let you fly indefinitely.
You resist negative energy. (rN+)
You are resistant to electric shocks. (rElec)
You can survive without breathing.
You are immune to petrification.
You are immune to rotting.
You are partially covered in thin metallic scales. (AC +2)
Your body sometimes deteriorates upon taking damage.
You are somewhat resistant to further mutation.
You are robust. (+10% HP)
Your spells are harder to cast, but more powerful.
Potions and wands are less effective at restoring your health.


Message History

Zapping:
E - a wand of heal wounds (1/9)
Press: ? - help, Shift-Dir - straight line, f - you Your system partially rejects the healing.
You feel much better.
This wand has 0 charges left.
You block the orc knight's attack.
The vault warden hits you with a great sword!!!
* * * LOW HITPOINT WARNING * * *
Your body deteriorates!
You feel dopey. You block the yaktaur's attack. The yaktaur closely misses you.
The two-headed ogre completely misses you.
You block the two-headed ogre's attack.
The vault sentinel hits you but does no damage.
Evoke which item? (* to show all) (? for menu, Esc to quit)
Okay, then.
Your system partially rejects the healing.
You feel much better. You block the orc knight's attack.
The yaktaur hits you but does no damage.
The yaktaur completely misses you.
The vault warden hits you with a great sword!!
You die...

,,,,,,*,,,,,,* *,,,,,,*,,,,,,
,,,,,,*,,,,,,* *,,,,,,****+**
,,,,,,*,,,,,,* ******** *,,,,
,,,,,,*,,,,,,*######## *,***
......+,,,,,,*#......# *,,,,
......#,,,,,,*#......# *,*,,
......#*******#.o∩...# *,*,,
......# #cop(..# *,*** ......#
#c@p...# *,,,,
......###########O#### *****
.....................#
....)....(...........# *****
..)))................#**** *,,,*
.....................#*,,***,>,*
..............(......#*,,,***,,*
.....................#**,,,***,*
.....................# **,,,**,*


You could see a vault warden, 2 orc knights, a vault sentinel, 2 yaktaurs and a
two-headed ogre.

Vanquished Creatures
  the Lernaean hydra (Swamp:4)
  A tentacled monstrosity (Swamp:2)
  A thorn hunter (Swamp:4)
  Roxanne (Swamp:4)
  2 vault wardens (Vaults:1)
  4 ghost moths (Spider:4)
  4 emperor scorpions (Spider:4)
  An ironheart preserver (Vaults:1)
  3 entropy weavers
  A deep elf demonologist (Vaults:1)
  Azrael (Spider:2)
  6 spark wasps
  An ettin (Orc:2)
  A fire dragon (Vaults:1)
  A merfolk avatar (Lair:6)
  A catoblepas (D:14)
  3 centaur warriors
  25 hydras
  2 ghost crabs (Swamp:4)
  7 alligators
  3 ogre magi
  3 death yaks (Lair:1)
  A tengu warrior (D:14)
  Nergalle (Orc:1)
  A deep elf knight (Vaults:1)
  Urug (Orc:1)
  8 skeletal warriors
  3 spriggan druids (Swamp:4)
  4 unseen horrors
  2 deep trolls
  13 swamp dragons (Swamp:4)
  A shambling mangrove (Swamp:3)
  6 hill giants
  A harpy (Lair:6)
  A deep elf archer (Vaults:1)
  A harpy (shapeshifter) (D:12)
  An ironbrand convoker (Vaults:1)
  5 deep elf magi
  31 wolf spiders
  2 orc sorcerers (Orc:1)
  3 orc knights
  3 manticores
  21 orb spiders
  6 ugly things
  7 elephants (Lair:5)
  3 cyclopes
  The ghost of Zorot the Skirmisher, a novice MiFi (D:5)
  3 moths of wrath
  4 black mambas
  A gargoyle (D:14)
  30 spiny frogs
  3 ice statues (IceCv)
  2 centaur skeletons
  3 yaktaurs (Vaults:1)
  17 demonic crawlers
  5 rime drakes
  A torpor snail (Spider:1)
  9 komodo dragons
  The ghost of dobroeutro the Cudgeler, a novice GrFi of Okawaru (D:4)
  2 tengu conjurers
  14 trolls
  47 jumping spiders
  2 tyrant leeches
  18 hornets
  3 wind drakes
  9 two-headed ogres
  12 dream sheep
  5 hippogriffs
  8 polar bears
  3 blink frogs (Lair:3)
  3 bog bodies
  A raiju (shapeshifter) (Vaults:1)
  16 slime creatures
  A meliai zombie (D:14)
  A spriggan (shapeshifter) (Vaults:1)
  Sigmund (D:2)
  107 redbacks
  55 yaks
  5 water elementals
  3 shadows
  5 spriggans
  4 wyverns
  45 tarantellas
  Eustachio (D:6)
  A wraith (D:11)
  4 fire elementals
  17 humans
  4 basilisks
  3 hogs (D:7)
  3 hungry ghosts
  11 vampire mosquitoes
  Menkaure (D:4)
  A mottled dragon (D:15)
  2 wargs
  A soldier ant (D:14)
  15 swamp worms
  9 insubstantial wisps
  13 water moccasins
  7 porcupines
  4 hell hounds
  12 swamp drakes
  8 ice beasts
  A black bear (D:12)
  2 sky beasts
  22 orc warriors
  A necrophage (D:7)
  26 ogres
  2 phantoms
  9 wolves
  6 centaurs
  20 crocodiles
  4 big kobolds
  A wyvern zombie (D:7)
  18 bullfrogs
  2 gnoll sergeants
  22 killer bees
  7 scorpions
  16 wights
  3 howler monkeys
  3 electric eels
  6 crimson imps
  A quasit (D:11)
  2 centaur zombies
  10 hounds
  7 jellies
  2 bullfrog skeletons
  15 orc priests
  19 orc wizards
  Jessica (D:3)
  10 iguanas
  18 worker ants
  2 worker ant zombies
  14 gnolls
  9 adders
  3 shadow imps
  3 adder skeletons
  An adder zombie (D:6)
  2 dart slugs
  5 leopard geckos
  80 orcs
  9 bats
  4 giant cockroaches
  2 goblins (D:1)
  11 hobgoblins
  9 jackals
  21 kobolds
  2 quokkas
  A ball python (D:3)
  8 frilled lizards
  A leopard gecko skeleton (D:5)
  5 rats
  A plant (Lair:6)
1215 creatures vanquished.

Vanquished Creatures (collateral kills)
  A fire dragon (D:15)
  A hydra (D:12)
  An ice dragon (D:15)
  An orc priest (Vaults:1)
  An orc (Orc:1)
5 creatures vanquished.

Vanquished Creatures (others)
  Arachne (Spider:2)
  A jumping spider (Spider:4)
  A hornet (Swamp:4)
  2 spriggans (Swamp:4)
  4 insubstantial wisps (Swamp:4)
  2 centaurs (D:14)
  An orc (Orc:1)
  A kobold (D:8)
  2 bushes
  3 fungi
  6 plants (Lair:6)
24 creatures vanquished.

Grand Total: 1244 creatures vanquished

Notes
Turn   | Place    | Note
-------+----------+-------------------------------------------
     0 | D:1      | dobroeutro the Gargoyle Fighter began the quest for the Orb.
     0 | D:1      | Reached XP level 1. HP: 14/14 MP: 1/1
   207 | D:1      | Reached XP level 2. HP: 19/19 MP: 2/2
   718 | D:2      | Reached XP level 3. HP: 16/23 MP: 3/3
   871 | D:2      | Noticed Sigmund
   886 | D:2      | Killed Sigmund
   886 | D:2      | Reached skill level 5 in Maces & Flails
   886 | D:2      | Reached XP level 4. HP: 25/28 MP: 4/4
   886 | D:2      | Reached XP level 5. HP: 29/32 MP: 5/5
  1132 | D:3      | Reached XP level 6. HP: 34/37 MP: 6/6
  1505 | D:3      | Noticed Jessica
  1521 | D:3      | Killed Jessica
  1910 | D:4      | Found Qyemin's Book Boutique.
  1918 | D:4      | Found Huowelyn's Jewellery Shop.
  1931 | D:4      | Found Tisotso's Jewellery Shoppe.
  1936 | D:4      | Noticed Menkaure
  1957 | D:4      | Killed Menkaure
  1957 | D:4      | Reached skill level 1 in Dodging
  1957 | D:4      | Reached XP level 7. HP: 39/42 MP: 7/7
  1984 | D:4      | Found Utwuc's Distillery.
  2246 | D:4      | Reached skill level 1 in Evocations
  2272 | D:4      | Found Lusatoge's Antique Weapon Shoppe.
  2280 | D:4      | Bought a translucent hand axe for 176 gold pieces
  2280 | D:4      | Identified the +3 hand axe of Revolt {venom, Dex+2} (You bought it in a shop on level 4 of the Dungeon)
  2475 | D:4      | Found a deep blue altar of Sif Muna.
  2475 | D:4      | Found a glowing golden altar of the Shining One.
  2475 | D:4      | Found a snail-covered altar of Cheibriados.
  2479 | D:4      | Reached XP level 8. HP: 48/48 MP: 9/9
  2616 | D:5      | Entered Level 5 of the Dungeon
  2873 | D:5      | Noticed Zorot's ghost (novice MiFi)
  2924 | D:4      | Noticed dobroeutro's ghost (novice GrFi)
  2936 | D:4      | Killed dobroeutro's ghost
  3045 | D:5      | Reached skill level 5 in Armour
  3294 | D:5      | Reached skill level 5 in Fighting
  3637 | D:6      | Found a blossoming altar of Fedhas.
  3675 | D:6      | Found an opulent altar of Gozag.
  3675 | D:6      | Found a burning altar of Makhleb.
  3711 | D:6      | Noticed Eustachio
  3754 | D:6      | Killed Eustachio
  3754 | D:6      | Reached XP level 9. HP: 29/54 MP: 11/11
  4386 | D:7      | Found Xadoenet's Gadget Shop.
  4420 | D:7      | Found a staircase to the Ecumenical Temple.
  4548 | Temple   | Entered the Ecumenical Temple
  4567 | Temple   | Became a worshipper of Warmaster Okawaru
  5036 | D:7      | Reached * piety under Okawaru
  5055 | D:7      | Reached XP level 10. HP: 38/61 MP: 13/13
  5538 | D:8      | Found a staircase to the Lair.
  5753 | D:8      | Reached ** piety under Okawaru
  6208 | D:9      | Reached skill level 5 in Shields
  6292 | D:9      | Reached skill level 5 in Dodging
  6295 | D:9      | Reached *** piety under Okawaru
  6543 | D:9      | Reached skill level 5 in Evocations
  6715 | D:9      | Reached XP level 11. HP: 58/67 MP: 14/14
  6803 | D:9      | Reached **** piety under Okawaru
  6807 | D:9      | Found a roughly hewn altar of Beogh.
  6807 | D:9      | Found a staircase to the Orcish Mines.
  7051 | D:10     | Entered Level 10 of the Dungeon
  7051 | D:10     | Noticed a hill giant
  7721 | D:10     | Killed a hill giant
  7724 | D:10     | Reached skill level 10 in Maces & Flails
  8025 | D:11     | Reached ***** piety under Okawaru
  8099 | D:11     | Noticed a white ugly thing
  8120 | D:11     | Killed a white ugly thing
  8133 | D:11     | Noticed a cyclops
  8149 | D:11     | Killed a cyclops
  9403 | D:12     | Found Feixkid's General Store.
  9548 | D:12     | Noticed an eight-headed hydra
  9560 | D:12     | Killed an eight-headed hydra
  9842 | D:11     | Reached XP level 12. HP: 72/75 MP: 16/16
  9873 | D:12     | Received a gift from Okawaru
 10244 | D:13     | Found a gate to the Vaults.
 10244 | D:13     | Noticed a centaur warrior
 10667 | Lair:1   | Entered Level 1 of the Lair of Beasts
 10708 | Lair:1   | Noticed a five-headed hydra
 10728 | Lair:1   | Killed a five-headed hydra
 10796 | Lair:1   | Noticed a five-headed hydra
 10813 | Lair:1   | Killed a five-headed hydra
 11512 | Lair:2   | Noticed a death yak
 11515 | Lair:2   | Noticed a death yak
 11516 | Lair:2   | Noticed a death yak
 11534 | Lair:1   | Killed a death yak
 11577 | Lair:1   | Killed a death yak
 11577 | Lair:1   | Reached skill level 10 in Armour
 11581 | Lair:1   | Killed a death yak
 11581 | Lair:1   | Reached skill level 10 in Fighting
 11885 | Lair:2   | Found a staircase to the Swamp.
 11960 | Lair:2   | Reached XP level 13. HP: 82/82 MP: 18/18
 11981 | Lair:2   | Reached ****** piety under Okawaru
 11981 | Lair:2   | Received a gift from Okawaru
 12663 | Lair:3   | Received a gift from Okawaru
 12695 | Lair:3   | Got a polished double sword {god gift}
 12696 | Lair:3   | Identified the +9 double sword "Kumoy" {protect, rF+++ Str-2 Int-2 Stlth+} (Okawaru gifted it to you on level 3 of the Lair of Beasts)
 12944 | Lair:3   | Found a hole to the Spider Nest.
 13901 | Lair:4   | Received a gift from Okawaru
 14987 | Lair:6   | Entered Level 6 of the Lair of Beasts
 15104 | Lair:5   | Gained mutation: Your large and strong wings let you fly indefinitely. [Gargoyle growth]
 15104 | Lair:5   | Reached XP level 14. HP: 57/90 MP: 19/19
 15326 | Lair:5   | Received a gift from Okawaru
 15329 | Lair:5   | Got a pitted eveningstar {god gift}
 15330 | Lair:5   | Identified the +3 eveningstar of Division {holy, rC- rN+ Int+4} (Okawaru gifted it to you on level 5 of the Lair of Beasts)
 15498 | D:5      | Killed Zorot's ghost
 15566 | D:4      | Bought an uncursed ring of protection from cold for 350 gold pieces
 16191 | Lair:6   | Found a staircase to the Slime Pits.
 16191 | Lair:6   | Found a viscous altar of Jiyva.
 16312 | Lair:6   | Received a gift from Okawaru
 16312 | Lair:6   | Reached skill level 1 in Invocations
 16341 | Lair:6   | Got a dazzling chain mail {god gift}
 16356 | Lair:6   | Identified the +1 chain mail of the Devil's Advocate {rF+ MP+9 Dex-4} (Okawaru gifted it to you on level 6 of the Lair of Beasts)
 17275 | Orc:1    | Entered Level 1 of the Orcish Mines
 17318 | Orc:2    | Entered Level 2 of the Orcish Mines
 18724 | Orc:2    | Found Pucoicwu's Antique Weapon Shop.
 19213 | D:12     | Reached XP level 15. HP: 65/97 MP: 21/21
 19219 | D:12     | Received a gift from Okawaru
 20121 | D:14     | Received a gift from Okawaru
 20553 | D:14     | Reached skill level 10 in Dodging
 20608 | D:14     | Gained mutation: Your spells are a little harder to cast, but a little more powerful. [mutagenic meat]
 20642 | D:14     | Found Paor's Jewellery Emporium.
 20803 | D:14     | Found a deep blue altar of Sif Muna.
 20957 | D:15     | Entered Level 15 of the Dungeon
 20981 | D:15     | Found a frozen archway.
 20990 | IceCv    | Entered an ice cave
 21119 | IceCv    | Gained mutation: Scrolls take you a little longer to read. [mutagenic meat]
 21120 | IceCv    | Gained mutation: You are robust. (+10% HP) [mutagenic meat]
 21134 | IceCv    | Got jasper-encrusted ice dragon scales
 21145 | IceCv    | Identified the +0 ice dragon scales of Opud {rElec rPois rF- rC++ Stlth+} (You found it in an ice cave)
 21412 | D:15     | Received a gift from Okawaru
 21863 | D:15     | Found a staircase to the Depths.
 22471 | Orc:2    | Reached XP level 16. HP: 104/114 MP: 22/22
 22934 | Orc:2    | Received a gift from Okawaru
 22939 | Orc:2    | Got a dazzling hat {god gift}
 22950 | Orc:2    | Identified the +0 hat of Yshiefom {Int+4} (Okawaru gifted it to you on level 2 of the Orcish Mines)
 23070 | Orc:2    | Found Suxaos's Assorted Antiques.
 23071 | Orc:2    | Found Reremucw's Weapon Shoppe.
 23088 | Orc:2    | Found Ranuats's Antique Armour Boutique.
 23096 | Orc:2    | Bought a cloak for 121 gold pieces
 23114 | Orc:2    | Bought a faintly humming plate armour for 756 gold pieces
 23128 | Orc:2    | Identified the cursed +0 plate armour of Joxuow {rElec MR++ Dex+2} (You bought it in a shop on level 2 of the Orcish Mines)
 23142 | Orc:2    | Bought a coiled granite ring for 115 gold pieces
 23150 | Orc:2    | Identified the ring "Qurgh" {+Fly rElec MR+ Dex+2} (You bought it in a shop on level 2 of the Orcish Mines)
 23254 | Orc:2    | Bought a bloodstained chain mail for 256 gold pieces
 23272 | Orc:2    | Identified the +4 chain mail of Hairiness {rN+} (You bought it in a shop on level 2 of the Orcish Mines)
 23291 | Orc:2    | Found a staircase to the Elven Halls.
 23488 | Orc:1    | Noticed Nergalle
 23501 | Orc:1    | Killed Nergalle
 23644 | Orc:1    | Noticed Urug
 23658 | Orc:1    | Killed Urug
 23893 | Swamp:1  | Entered Level 1 of the Swamp
 24342 | Swamp:1  | Found a shattered altar of Ashenzari.
 24837 | Swamp:2  | Noticed a tentacled monstrosity
 24851 | Swamp:2  | Killed a tentacled monstrosity
 25330 | Swamp:3  | Gained mutation: Your spells are harder to cast, but more powerful. [potion of mutation]
 25331 | Swamp:3  | Gained mutation: Your body sometimes deteriorates upon taking damage. [potion of mutation]
 25331 | Swamp:3  | Gained mutation: You are partially covered in thin metallic scales. (AC +2) [potion of mutation]
 25690 | Swamp:3  | Received a gift from Okawaru
 26208 | Swamp:4  | Entered Level 4 of the Swamp
 26245 | Swamp:3  | Received a gift from Okawaru
 26947 | Swamp:4  | Noticed a thorn hunter
 26965 | Swamp:4  | Killed a thorn hunter
 26975 | Swamp:4  | Noticed Roxanne
 27154 | Swamp:4  | Reached XP level 17. HP: 123/123 MP: 24/24
 27317 | Swamp:4  | Noticed the 27-headed Lernaean hydra
 27322 | Swamp:4  | Was placed under penance by Okawaru
 27338 | Swamp:4  | Killed the 27-headed Lernaean hydra
 27338 | Swamp:4  | Was forgiven by Okawaru
 27656 | Swamp:4  | Got a decaying rune of Zot
 27889 | Swamp:4  | Killed Roxanne
 27890 | Swamp:4  | Identified Roxanne's Reference Book on Transmutation (You took it off Roxanne on level 4 of the Swamp)
 28059 | Spider:1 | Entered Level 1 of the Spider Nest
 28247 | Spider:1 | Received a gift from Okawaru
 28247 | Spider:1 | Reached skill level 15 in Armour
 28291 | Spider:1 | Got a faintly glowing chain mail {god gift}
 28302 | Spider:1 | Identified the +4 chain mail "Xolelat" {rN+ Dex+3} (Okawaru gifted it to you on level 1 of the Spider Nest)
 28352 | Spider:1 | Reached skill level 15 in Fighting
 28507 | Spider:1 | Reached skill level 15 in Maces & Flails
 29123 | Spider:2 | Noticed Azrael
 29263 | Spider:2 | Killed Azrael
 29500 | Spider:2 | Got a scorched scale mail
 30131 | Spider:2 | Noticed Arachne
 30165 | Spider:2 | Killed Arachne
 30196 | Spider:2 | Reached skill level 10 in Shields
 30340 | Spider:2 | Reached XP level 18. HP: 130/130 MP: 25/25
 30748 | Spider:3 | Gained mutation: Your body often deteriorates upon taking damage. [potion of mutation]
 30748 | Spider:3 | Lost mutation: Scrolls take you a little longer to read. [potion of mutation]
 30748 | Spider:3 | Lost mutation: Your body often deteriorates upon taking damage. [potion of mutation]
 30970 | Spider:3 | Received a gift from Okawaru
 31712 | Spider:4 | Entered Level 4 of the Spider Nest
 33517 | Spider:4 | Received a gift from Okawaru
 33806 | Spider:4 | Reached XP level 19. HP: 137/137 MP: 26/26
 33810 | Spider:4 | Got a gossamer rune of Zot
 34103 | Vaults:1 | Entered Level 1 of the Vaults
 34137 | Vaults:1 | Gained mutation: Potions and wands are less effective at restoring your health. [a neqoxec]
 34174 | Vaults:1 | Gained mutation: You are somewhat resistant to further mutation. [mutagenic meat]
 34182 | Vaults:1 | Found a flickering gateway to a bazaar.
 34188 | Bazaar   | Entered a bazaar
 34209 | Bazaar   | Found Cilul's Food Boutique.
 34234 | Bazaar   | Found Zoaxtu's Food Boutique.
 34263 | Bazaar   | Found Ajysues's Food Boutique.
 34277 | Bazaar   | Found Ricvarha's Food Shop.
 34376 | Vaults:1 | Found Guys's Weapon Shoppe.
 34418 | Vaults:1 | HP: 1/138 [vault warden/great sword (34)]
 34423 | Vaults:1 | Slain by a vault warden

Skill      XL: |  1  2  3  4  5  6  7  8  9 10 11 12 13 14 15 16 17 18 19 |
---------------+----------------------------------------------------------+-----
Maces & Flails | 3 5 6 7 8 9 10 11 12 13 14 15 16 | 16.0
Dodging        | 1 3 4 5 6 7 8 9 10 11 12 | 12.9
Fighting       | 4 5 6 7 8 10 11 12 13 14 15 16 | 16.3
Armour         | 4 5 6 7 8 10 11 12 13 14 15 16 | 16.4
Evocations     | 1 3 4 5 6 7 8 9 |  9.3
Shields        | 4 5 7 8 9 10 11 | 11.7
Invocations    | 3 4 |  4.4

Action                   |  1- 3 |  4- 6 |  7- 9 | 10-12 | 13-15 | 16-18 | 19-21 || total
-------------------------+-------+-------+-------+-------+-------+-------+-------++-------
Melee: Flail             |   113 |   168 |    87 |    71 |       |       |       ||   439
       Hand axe          |       |       |   274 |       |       |       |       ||   274
       Morningstar       |       |       |       |   743 |   474 |       |       ||  1217
       Eveningstar       |       |       |       |       |  1009 |  2236 |   132 ||  3377
Invok: Heroism           |       |       |       |     4 |       |     3 |     3 ||    10
       Finesse           |       |       |       |       |       |       |     1 ||     1
 Abil: Fly               |       |       |       |       |     1 |       |       ||     1
Evoke: Wand              |       |       |       |     5 |     9 |     6 |     4 ||    24
       Phial of floods   |       |       |       |     1 |     1 |     1 |     1 ||     4
       Sack of spiders   |       |       |       |       |     2 |       |       ||     2
       Lamp of fire      |       |       |       |       |       |     1 |       ||     1
  Use: Scroll            |       |       |    20 |    10 |     8 |     7 |     1 ||    46
       Potion            |       |       |     1 |     1 |     2 |     6 |     1 ||    11
 Stab: Distracted        |       |       |       |       |       |     1 |       ||     1
       Held in net/web   |       |       |       |       |       |     1 |       ||     1
  Eat: Chunk             |       |     4 |     5 |    16 |    36 |    15 |     2 ||    78
       Meat ration       |       |       |     1 |       |       |     1 |     1 ||     3
       Beef jerky        |       |       |       |     4 |     1 |     4 |       ||     9
       Pizza             |       |       |       |     4 |     1 |     7 |       ||    12
       Royal jelly       |       |       |       |       |       |     1 |       ||     1
Armor: Scale mail        |    49 |    60 |    94 |   276 |   593 |    13 |       ||  1085
       Plate armour      |       |       |       |       |       |  1293 |    53 ||  1346
       Chain mail        |       |       |       |       |       |     3 |       ||     3
Dodge: Dodged            |    37 |    31 |    75 |   341 |   534 |  1150 |    75 ||  2243
Block: Shield            |    63 |   124 |   205 |   207 |  1500 |  2679 |   181 ||  4959
       Reflection        |       |     7 |     2 |    10 |    26 |    17 |     7 ||    69
       Buckler           |       |       |    28 |   434 |       |       |       ||   462
